 Dungeon Crawl Stone Soup version 0.23.0 (webtiles) character file.

Game seed: 12642161252403718578

192 leoctaniaaa the Grave Robber (level 5, -3/40 HPs)
             Began as a Hill Orc Necromancer on Feb 11, 2019.
             Killed by nerve-wracking pain
             ... invoked by an orc priest
              (14 damage)
             ... on level 3 of the Dungeon.
             The game lasted 00:39:21 (2142 turns).

leoctaniaaa the Grave Robber (Hill Orc Necromancer) Turns: 2142, Time: 00:39:22

Health: -3/40      AC:  7    Str: 11    XL:     5   Next: 71%
Magic:  1/9        EV: 10    Int: 16    God:
Gold:   105        SH:  0    Dex: 11    Spells: 3/9 levels left

rFire    + . .     SeeInvis .   s - +2 whip (distort)
rCold    + . .     Gourm    .   (no shield)
rNeg     . . .     Faith    .   d - +2 ring mail
rPois    +         Spirit   .   (no helmet)
rElec    +         Reflect  .   (no cloak)
rCorr    +         Harm     .   (no gloves)
MR       .....                  (no boots)
Stlth    +.........             (no amulet)
HPRegen  0.13/turn              (no ring)
MPRegen  0.11/turn              (no ring)

@: resistant, flying (expiring), very slightly contaminated
A: no striking features
a: Convert to Beogh


You were on level 3 of the Dungeon.
You were not hungry.

You visited 1 branch of the dungeon, and saw 3 of its levels.

You collected 105 gold pieces.

Inventory:

Hand Weapons
 b - a +0 club
 f - a +0 whip
 h - a +0 hand axe
 j - a +0 whip
 s - a +2 whip of distortion (weapon)
 z - a +0 hunting sling
Missiles
 l - 21 arrows
 o - 17 poisoned needles
 p - 10 javelins (quivered)
 v - 35 sling bullets
 A - 19 bolts
Armour
 a - a +0 robe
 d - a +2 ring mail (worn)
 i - a +0 robe
 n - a +0 helmet
 r - a +0 robe
 u - a +0 pair of boots
 y - a cursed +0 plate armour
Scrolls
 k - 3 scrolls of amnesia
 x - a scroll of magic mapping
Potions
 e - a potion of brilliance
 t - a potion of flight
Comestibles
 c - 6 rations
 m - 5 chunks of flesh


   Skills:
 + Level 1.0 Fighting
 + Level 1.5 Maces & Flails
 + Level 0.6 Armour
 + Level 1.8 Dodging
 + Level 1.6 Stealth
 + Level 0.1 Unarmed Combat
 + Level 2.7 Spellcasting
 + Level 5.3 Necromancy


You had 3 spell levels left.
You knew the following spells:

 Your Spells              Type           Power        Failure   Level  Hunger
a - Pain                  Necr           ###.         5%          1    #......
b - Animate Skeleton      Necr           N/A          5%          1    #......
c - Vampiric Draining     Necr           ###.......   16%         3    ###....
d - Confusing Touch       Hex            #.....       43%         1    #......

Your spell library contained the following spells:

 Spells                   Type           Power        Failure   Level  Hunger
 Regeneration             Chrm/Necr      ##........   43%         3    ###....
 Confuse                  Hex            #.......     80%         3    ###....
 Gell's Gravitas          Tloc           #.........   80%         3    ###....
 Animate Dead             Necr           N/A          45%         4    #####..
 Petrify                  Tmut/Erth      #.......     99%         4    #####..
 Metabolic Englaciation   Hex/Ice        #.........   100%        5    ######.
 Yara's Violent Unravell  Hex/Tmut       #.........   100%        5    ######.


Dungeon Overview and Level Annotations

Branches:
Dungeon (3/15)

Altars:


Message History

Some of the chunks of flesh in your inventory have rotted away.
The orc priest is too close now for your liking.
You flicker back into view.
Casting: Vampiric Draining (safe; 16% risk of failure)
Confirm with . or Enter, or press ? or * to list all spells.
Aiming: Vampiric Draining (safe; 16% risk of failure)
Press: ? - help, Shift-Dir - straight line, f - orc priest
Aim: an orc priest, wielding a +0 dagger and wearing a +0 leather armour (moderately wounded)
You miscast Vampiric Draining.
You smell decay.
You hit the orc priest.
The orc priest is moderately wounded.
The orc priest blinks!
You hit the orc but do no damage.
Space warps horribly around the orc!!
You kill the orc!
You hit the orc.
Space bends around the orc.
You kill the orc!
You are starting to lose your buoyancy.
The orc priest invokes the aid of Beogh against you.
Pain shoots through your body!
You die...

#..........###.#
####o.#
########.....#.# *#...
#)#.#o#.# **..##
#...#.#.# **[.##
###.#.#.##### *,o#*
#.........# *.#*
#.#..o..#.#***,*
####.##.##.#..,,*,*
#.....@.......#,*,***
##.#.##.###....,,,,,**
#.#.##.#**.*..,,,*,,*#
#.#.#..##..*,*,,,**,,.
#.#.#.....#*,*,,,,****
#Z#....#****.##,,,****
#.....## *..#*,,,,,,
#######...#.#
*#.##.,****
#.......#...###
#.#..,**


You could see an orc priest.

Vanquished Creatures
  An orc wizard (D:3)
  4 gnolls (D:2)
  6 adders
  An ooze (D:1)
  A dart slug (D:1)
  A leopard gecko (D:3)
  7 orcs (D:3)
  4 goblins
  5 hobgoblins
  3 jackals (D:3)
  5 kobolds
  9 bats
  5 frilled lizards
  3 rats
55 creatures vanquished.

Vanquished Creatures (collateral kills)
  3 dart slugs
  A leopard gecko (D:3)
  2 orcs (D:3)
  3 bats
  A giant cockroach (D:1)
  A jackal (D:3)
  A kobold (D:2)
  A quokka (D:2)
  4 rats
17 creatures vanquished.

Vanquished Creatures (others)
  An orc (D:3)
1 creature vanquished.

Grand Total: 73 creatures vanquished

Notes
Turn   | Place    | Note
-------+----------+-------------------------------------------
     0 | D:1      | leoctaniaaa the Hill Orc Necromancer began the quest for
                  | the Orb.
     0 | D:1      | Reached XP level 1. HP: 14/14 MP: 3/3
    13 | D:1      | Learned a level 1 spell: Animate Skeleton
   123 | D:1      | Learned a level 1 spell: Animate Skeleton
   169 | D:1      | Reached XP level 2. HP: 15/20 MP: 1/4
   873 | D:2      | Reached XP level 3. HP: 19/26 MP: 0/5
   881 | D:2      | Learned a level 3 spell: Vampiric Draining
  1312 | D:2      | Found a faded altar of an unknown god.
  1364 | D:2      | Reached XP level 4. HP: 31/33 MP: 3/7
  1441 | D:2      | Reached skill level 1 in Maces & Flails
  1544 | D:2      | Learned a level 1 spell: Confusing Touch
  1681 | D:2      | Reached XP level 5. HP: 33/39 MP: 8/8
  1896 | D:3      | Reached skill level 1 in Fighting
  1896 | D:3      | Reached skill level 5 in Necromancy
  2096 | D:3      | HP: 2/40 [orc priest/divine providence (14)]
  2142 | D:3      | Killed from afar by an orc priest

Skill      XL: |  1  2  3  4  5 |
---------------+----------------+-----
Spellcasting   | 2 |  2.7
Maces & Flails | 1 |  1.5
Fighting       | 1 |  1.0
Necromancy     | 5 |  5.3
Armour         | |  0.6
Dodging        | |  1.8
Stealth        | |  1.6
Unarmed Combat | |  0.1

Action                   |  1- 3 |  4- 6 || total
-------------------------+-------+-------++-------
Melee: Unarmed           |    19 |       ||    19
       Club              |    14 |       ||    14
       Whip              |    27 |    46 ||    73
 Cast: Pain              |    32 |    31 ||    63
       Animate Skeleton  |    14 |    12 ||    26
       Vampiric Draining |       |     4 ||     4
  Use: Scroll            |     5 |     8 ||    13
       Potion            |     1 |     4 ||     5
  Eat: Chunk             |     3 |     3 ||     6
Armor: Ring mail         |    34 |    28 ||    62
Dodge: Dodged            |    51 |    39 ||    90
